 Dungeon Sprint DCSS version 0.31-a0-868-g674d60d6f7 (webtiles) character file.

Game seed: 2172360032881066780

233 rocky1 the Slasher (level 5, 0/43 HPs)
             Began as a Demonspawn Gladiator on Oct 12, 2023.
             Slain by a water moccasin (3 damage)
             ... in the Dungeon (Sprint II: "The Violet Keep of Menkaure").
             The game lasted 00:00:34 (40 turns).

rocky1 the Slasher (Demonspawn Gladiator)             Turns: 40, Time: 00:00:34

Health: 0/43       AC:  4    Str: 14    XL:     5   Next: 74%
Magic:  0/5        EV: 15    Int:  9    God:
Gold:   243        SH:  0    Dex: 17    Spells: 4/4 levels left

rFire   . . .        a - +0 long sword
rCold   . . .        (no shield)
rNeg    . . .        b - +0 leather armour
rPois   .            c - +0 helmet
rElec   .            (no cloak)
rCorr   .            (no gloves)
SInv    .            (no boots)
Will    .....        (no amulet)
Stlth   +            (no ring)
HPRegen 0.27/turn    (no ring)
MPRegen 0.18/turn

%: no teleportation, guardian spirit
@: lethally poisoned (0 -> -1), on berserk cooldown, slowed, very slow
A: magic shield, magic regeneration, weakness stinger 1
a: no special abilities


You were in the Dungeon.
You visited 1 branch You collected 243 gold pieces.

Inventory:

Hand Weapons
 a - a +0 long sword (weapon)
Missiles
 d - 3 throwing nets (quivered)
 e - a javelin
Armour
 b - a +0 leather armour (worn)
 c - a +0 helmet (worn)
Scrolls
 k - a scroll of blinking
Potions
 h - a potion of haste
 i - 2 potions of magic


   Skills:
 + Level 4.8 Fighting
 + Level 7.4 Long Blades
 + Level 3.5 Throwing
 + Level 1.5 Armour
 + Level 6.9 Dodging


You had 4 spell levels left.
You didn't know any spells.
Your spell library was empty.

Dungeon Overview and Level Annotations

Branches:
Dungeon (1/1)

Altars:


Innate Abilities, Weirdness & Mutations

When hurt, damage is shared between your health and your magic reserves.
You regenerate magic rapidly.
You have a small tail.


Message History

Unknown command.
You slash the water moccasin!
The water moccasin is almost dead.
The water moccasin misses you. The water moccasin bites you.
You hit the water moccasin but do no damage.
Your tail-slap misses the water moccasin.
The water moccasin is almost dead.
The water moccasin bites you. The water moccasin barely misses you.
You hit the water moccasin but do no damage.
The water moccasin is almost dead.
The water moccasin bites you!
You are poisoned.
The water moccasin poisons you! The water moccasin bites you.
You hit the water moccasin.
You tail-slap the water moccasin, but do no damage.
The water moccasin is almost dead.
You feel very sick. The water moccasin bites you.
The water moccasin closely misses you.
You miss the water moccasin.
The water moccasin is almost dead.
You feel very sick. The water moccasin barely misses you.
The water moccasin bites you. The water moccasin barely misses you.
You closely miss the water moccasin.
The water moccasin is almost dead.
You feel sick. The water moccasin closely misses you.
The water moccasin bites you!
* * * LOW HITPOINT WARNING * * *
You miss the water moccasin.
The water moccasin is almost dead.
* * * LOW HITPOINT WARNING * * *
You feel sick.
The water moccasin bites you but does no damage.
The water moccasin closely misses you.
You barely miss the water moccasin.
The water moccasin is almost dead.
* * * LOW HITPOINT WARNING * * *
You feel sick. The water moccasin closely misses you.
The water moccasin bites you.
You die...

### # #+###.##
.#
##.##...#..#
+.<.†##@S..#
##.##...#....#
#+###.## .....
### §... §..
~§ ~


You could see a water moccasin.

Vanquished Creatures
  4 necrophages (D)
4 creatures vanquished.

Notes
Turn   | Place    | Note
-------+----------+-------------------------------------------
     0 | D        | rocky1 the Demonspawn Gladiator began the quest for the
                  | Orb.
     0 | D        | Reached XP level 1. HP: 16/16 MP: 1/1
     1 | D        | Noticed a necrophage
     1 | D        | Noticed a necrophage
     1 | D        | Noticed a necrophage
     1 | D        | Noticed a necrophage
     8 | D        | Killed a necrophage
     9 | D        | Reached skill level 5 in Long Blades
     9 | D        | Gained mutation: You regenerate magic rapidly. [demonic
                  | ancestry]
     9 | D        | Reached XP level 2. HP: 23/24 MP: 2/2
     9 | D        | Gained mutation: When hurt, damage is shared between your
                  | health and your magic reserves. [demonic ancestry]
     9 | D        | Reached XP level 3. HP: 27/29 MP: 3/3
    16 | D        | Killed a necrophage
    17 | D        | Reached skill level 6 in Long Blades
    17 | D        | Reached skill level 1 in Armour
    17 | D        | Reached skill level 5 in Dodging
    17 | D        | Gained mutation: You have a small tail. [demonic ancestry]
    17 | D        | Reached XP level 4. HP: 30/37 MP: 2/4
    18 | D        | Killed a necrophage
    19 | D        | Reached XP level 5. HP: 36/43 MP: 2/5
    22 | D        | Reached skill level 7 in Long Blades
    28 | D        | Noticed a water moccasin
    40 | D        | Slain by a water moccasin

Illustrated notes

Levels and vault maps discovered:
D:        the_violet_keep_of_menkaure [sprint2_stairs_cluster_1,
          sprint2_shoproom, sprint2_temple, sprint2_basic_supplies,
          sprint2_obstacle_2, sprint2_obstacle_4, sprint2_obstacle_6,
          sprint2_obstacle_5, sprint2_obstacle_3, sprint2_timed_cluster_1,
          sprint2_smallroom_cluster_1, sprint2_smallroom_final_cluster_1,
          sprint2_transparent_cluster_1, sprint2_second_timed_cluster_1,
          sprint2_sniper_area_1, sprint2_heavy_combat_area_1,
          sprint2_mutation_trap_area_1, sprint2_forest_area_1,
          sprint2_light_combat_area_1, sprint2_behind_water_1,
          sprint2_near_end_vault_1]

Skill      XL: |  1  2  3  4  5 |
---------------+----------------+-----
Fighting       | 3 4 |  4.8
Long Blades    | 5 6 7 |  7.4
Throwing       | 2 3 |  3.5
Dodging        | 4 5 6 |  6.9
Armour         | 1 |  1.5

Action                     |  1- 3 |  4- 6 || total
---------------------------+-------+-------++-------
  Melee: Long sword        |    12 |    15 ||    27
         Tailslap          |       |     1 ||     1
    Use: Potion            |     1 |     2 ||     3
 Armour: Leather armour    |     5 |    16 ||    21
  Dodge: Dodged            |     6 |    13 ||    19

Table legend: (Time is in decaauts)
 A = Elapsed time spent in this place.
 B = Non-inter-level travel time spent in this place.
 C = Inter-level travel time spent in this place.
 D = Time resting spent in this place.
 E = Time spent auto-exploring this place.
 F = Levels seen in this place.
 G = Mean time per level.
                   A        B        C        D        E       F      G
               +--------+--------+--------+--------+--------+-----+--------+
         Total |     45 |     45 |      0 |      0 |      0 |   1 |   45.0 |
       Dungeon |     45 |     45 |      0 |      0 |      0 |   1 |   45.0 |
               +--------+--------+--------+--------+--------+-----+--------+

Top non-repeatable levels by time:
       D: 45 daAuts
